 Dungeon Crawl Stone Soup version 0.29.1-15-g9cfb28693d (webtiles) character file.

Game seed: 17892200051314433450

8 javelincjr the Magician (level 2, 0/19 HPs)
             Began as a Demonspawn Hedge Wizard on Apr 7, 2023.
             Slain by a jackal (2 damage)
             ... on level 1 of the Dungeon.
             The game lasted 00:01:17 (283 turns).

javelincjr the Magician (Demonspawn Hedge Wizard)    Turns: 283, Time: 00:01:18

Health: 0/19       AC:  2    Str: 10    XL:     2   Next: 0%
Magic:  1/6        EV: 12    Int: 15    God:
Gold:   8          SH:  0    Dex: 12    Spells: 6/7 levels left

rFire   . . .      SeeInvis .   e - +4 hand axe
rCold   . . .      Faith    .   (no shield)
rNeg    . . .      Spirit   .   b - +0 robe
rPois   .          Reflect  .   c - +0 hat
rElec   .          Harm     .   (no cloak)
rCorr   .          Rampage  .   (no gloves)
Will    .....                   (no boots)
Stlth   ++........              (no amulet)
HPRegen 0.06/turn               (no ring)
MPRegen 0.10/turn               (no ring)

@: no status effects
A: powered by death 1
a: no special abilities


You were on level 1 of the Dungeon.
You visited 1 branch of the dungeon, and saw 1 of its levels.

You collected 8 gold pieces.

Inventory:

Hand Weapons
 a - a +0 dagger
 e - a +4 hand axe (weapon)
Armour
 b - a +0 robe (worn)
 c - a +0 hat (worn)
Scrolls
 g - a scroll of immolation {unknown}
 h - a scroll of identify {unknown}
Potions
 d - a potion of magic
 f - a potion of resistance {unknown}


   Skills:
 + Level 1.9 Dodging
 + Level 2.0 Stealth
 + Level 3.0 Spellcasting
 + Level 1.2 Conjurations
 + Level 1.2 Summonings
 + Level 1.1 Translocations


You had 6 spell levels left.
You knew the following spells:

 Your Spells              Type           Power      Damage    Failure   Level
a - Magic Dart            Conj           20%        1d4       12%         1

Your spell library contained the following spells:

 Spells                   Type           Power      Damage    Failure   Level
 Blink                    Tloc           10%        N/A       19%         2
 Call Imp                 Summ           5%         N/A       19%         2
 Slow                     Hex            8%         N/A       21%         1
 Conjure Flame            Conj/Fire      4%         6-21      43%         3
 Mephitic Cloud           Conj/Pois/Air  3%         N/A       45%         3


Dungeon Overview and Level Annotations

Branches:
Dungeon (1/15)

Altars:


Innate Abilities, Weirdness & Mutations

You regenerate a little health from kills.


Message History

The jackal barks!
The jackal attacks as you move away! The jackal bites you.
The jackal bites you but does no damage.
You closely miss the jackal.
The jackal is moderately wounded.
The jackal barely misses you. The jackal closely misses you.
The jackal bites you.
You slash the jackal!
You kill the jackal!
You barely miss the jackal. You hit the jackal. The jackal bites you.
The jackal completely misses you. The jackal bites you.
You barely miss the jackal.
The jackal is lightly wounded.
You hit the jackal.
The jackal barely misses you. x2; The jackal bites you.
You are too injured to fight recklessly!
You are too injured to fight recklessly!
You are too injured to fight recklessly!
You barely miss the jackal.
The jackal is lightly wounded.
You hit the jackal. The jackal barely misses you. x2
The jackal bites you but does no damage.
The jackal closely misses you.
You slash the jackal!
You kill the jackal!
You hit the jackal. x2; The jackal barely misses you.
The jackal bites you. x2
The jackal bites you but does no damage.
You hit the jackal.
You kill the jackal!
You hit the jackal but do no damage. The jackal bites you.
* * * LOW HITPOINT WARNING * * *
The jackal bites you.
* * * LOW HITPOINT WARNING * * *
Your Stealth skill increases to level 2!
You have reached level 2!
Your demonic ancestry asserts itself...
A wave of death washes over you.
You hit the jackal.
The jackal is almost dead.
The jackal bites you.
You die...

. .... ######...)..
### #h†.......... #..
#@###........###..
#.................
#.................
#.................
#.................
#.................
#.......(###......
#####.......#...##...(
#..........#......#...


You could see a jackal.

Vanquished Creatures
  An endoplasm (D:1)
  A hobgoblin (D:1)
  3 jackals (D:1)
  A goblin (D:1)
  A rat (D:1)
7 creatures vanquished.

Notes
Turn   | Place    | Note
-------+----------+-------------------------------------------
     0 | D:1      | javelincjr the Demonspawn Hedge Wizard began the quest for
                  | the Orb.
     0 | D:1      | Reached XP level 1. HP: 13/13 MP: 4/4
   268 | D:1      | Reached skill level 1 in Translocations
   283 | D:1      | Gained mutation: You regenerate a little health from kills.
                  | [demonic ancestry]
   283 | D:1      | Reached XP level 2. HP: 2/19 MP: 1/6
   283 | D:1      | Slain by a jackal

Illustrated notes

Levels and vault maps discovered:
D:1:      dpeg_arrival_solitude, layout_rooms, serial_shops, shop_fountains,
          shapermc_ecumenical_altar_starsandcircs, minmay_quantized

Skill      XL: |  1 |
---------------+----+-----
Translocations | 1 |  1.1
Stealth        | 2 |  2.0
Dodging        | |  1.9
Spellcasting   | |  3.0
Conjurations   | |  1.2
Summonings     | |  1.2

Action                   || total
-------------------------++-------
Melee: Hand axe          ||    13
 Cast: Magic Dart        ||    11
Armor: Robe              ||     6
Dodge: Dodged            ||    13
